 Dungeon Crawl Stone Soup version 0.22-a0-247-gbddf880 (webtiles) character file.

1804846 PinaColada the Slayer (level 27, 167/167 HPs)
             Began as a Vine Stalker Artificer on Feb 20, 2018.
             Was the Champion of Wu Jian.
             Escaped with the Orb
             ... and 3 runes on Feb 24, 2018!
             The game lasted 02:21:55 (58897 turns).

PinaColada the Slayer (Vine Stalker Artificer)     Turns: 58897, Time: 02:21:55

Health: 167/167    AC: 38    Str: 31    XL:     27
Magic:  32/32      EV: 14    Int: 16    God:    Wu Jian [******]
Gold:   3327       SH: 25    Dex: 17    Spells: 24/26 levels left

rFire    + + .     SeeInvis +   a - +9 quick blade (venom)
rCold    + . .     Gourm    .   d - +2 large shield {AC+3}
rNeg     + . .     Faith    .   r - +0 gold dragon scales
rPois    +         Spirit   +   q - +2 helmet {SInv}
rElec    +         Reflect  .   p - scarf {repulsion}
rCorr    .         Harm     .   J - +2 pair of gloves {Str+3}
MR       +++..     Clarity  +   R - +2 pair of boots {run}
Stlth    ..........             w - amulet of regeneration
HPRegen  1.57/turn              T - ring of Tarusoru {rPois rF+ rN+ Int+5}
MPRegen  0.23/turn              e - ring "Wainoxad" {rPois Str+5 Dex-3 Slay+5, =R}

@: repel missiles, quick
A: fangs 3, yellow scales 1, blurry vision 1, clarity, clumsy 1, sense
surroundings 2, poison resistance, regeneration 2, electricity resistance,
strong 1, magic shield, antimagic bite, no potion heal 3, rot immunity
0: Orb of Zot
}: 3/15 runes: barnacled, slimy, gossamer
a: Wall Jump, Serpent's Lash, Heavenly Storm, Renounce Religion


You escaped.
You worshipped Wu Jian.
Wu Jian was exalted by your worship.
You were full.

You visited 10 branches of the dungeon, and saw 51 of its levels.

You collected 6046 gold pieces.
You spent 2719 gold pieces at shops.

Inventory:

Hand Weapons
 a - a +9 quick blade of venom (weapon)
 b - a +7 demon blade of slicing
Missiles
 G - 10 throwing nets (quivered) {!f}
Armour
 d - a +2 large shield of protection (worn)
 i - a +1 shield of poison resistance
 p - a scarf of repulsion (worn)
 q - a +2 helmet of see invisible (worn)
 r - +0 gold dragon scales (worn)
 J - a +2 pair of gloves of strength (worn)
 R - a +2 pair of boots of running (worn)
Jewellery
 e - the ring "Wainoxad" (right hand) {rPois Str+5 Dex-3 Slay+5, =R}
   (You found it on level 2 of the Depths)

   [ring of poison resistance]

   It affects your strength (+5).
   It affects your dexterity (-3).
   It affects your accuracy and damage with ranged weapons and melee attacks
   (+5).
   It protects you from poison.
 k - an uncursed ring of protection from cold
 w - an amulet of regeneration (around neck)
 P - a +4 ring of slaying
 T - the ring of Tarusoru (left hand) {rPois rF+ rN+ Int+5}
   (You bought it in a shop on level 15 of the Dungeon)

   [ring of positive energy]

   It affects your intelligence (+5).
   It protects you from fire.
   It protects you from poison.
   It protects you from negative energy.
 X - an uncursed ring of resist corrosion
Wands
 A - a wand of iceblast (44)
 B - a wand of paralysis (66)
 F - a wand of digging (37)
 M - a wand of acid (18)
 S - a wand of scattershot (2)
Scrolls
 g - 11 scrolls of teleportation
 h - 24 scrolls of remove curse
 y - 2 scrolls of magic mapping
 D - 3 scrolls of summoning
 H - 16 scrolls of identify
 K - 4 scrolls of fog
Potions
 j - a potion of haste
 l - 9 potions of lignification {!q}
 m - 3 potions of flight
 n - 8 potions of brilliance
 o - 5 potions of mutation {!q!q}
 s - 3 potions of cancellation
 u - 3 potions of magic
 x - 7 potions of invisibility
 z - 16 potions of curing
 C - 2 potions of berserk rage
 I - 10 potions of might
 L - 4 potions of ambrosia
 N - 3 potions of agility
 U - 5 potions of resistance
Miscellaneous
 Q - a lamp of fire
 V - 3 boxes of beasts
 Z - a phial of floods
Comestibles
 c - 75 rations


   Skills:
 * Level 24.3 Fighting
 - Level 13.2(15.3) Short Blades
 - Level 13.4(15.4) Long Blades
 + Level 17.7 Armour
 + Level 14.9 Dodging
 - Level 1.2 Stealth
 + Level 16.6 Shields
 - Level 11.3 Evocations


You had 24 spell levels left.
You knew the following spells:

 Your Spells              Type           Power        Failure   Level  Hunger
l - Apportation           Tloc           #.....       100%        1    ##.....
p - Summon Butterflies    Summ           #.......     100%        1    ##.....


Dungeon Overview and Level Annotations

Branches:
Dungeon (15/15)            Temple (1/1) D:4            Lair (6/6) D:11
 Shoals (4/4) Lair:3       Spider (4/4) Lair:3        Slime (5/5) Lair:5
    Orc (2/2) D:10            Elf (0/3) Orc:2        Vaults (4/5) D:13
  Crypt (0/3) Vaults:2     Depths (5/5) D:15            Zot (5/5) Depths:5

Altars:
Ashenzari
Cheibriados
Dithmenos
Elyvilon
Fedhas
Gozag
Hepliaklqana
Kikubaaqudgha
Makhleb
Nemelex Xobeh
Okawaru
Qazlal
Ru
Sif Muna
Trog
Uskayaw
Vehumet
Wu Jian
Xom
Yredelemnul
Zin
The Shining One
Beogh
Jiyva

Shops:
D:5 ?   D:6 !   D:10 ?}   D:15 *   Orc:2 }?[!   Shoals:3 *

Portals:
Hell: Depths:1 Depths:2 Depths:3 Depths:4
Abyss: Depths:4
Pandemonium: Depths:1 Depths:3
Ziggurat: Depths:5

Annotations:
D:3 Partyfoot's ghost, amateur TeSu
D:6 2 transporters
Spider:4 exclusion: 3 doors
Depths:3 2 exclusions
Depths:5 1 exclusion


Innate Abilities, Weirdness & Mutations

You have razor-sharp teeth.
You heal very quickly.
When hurt, damage is shared between your health and your magic reserves.
Your bite disrupts and absorbs the magic of your enemies.
Potions cannot restore your health.
You are immune to rotting.
You are partially covered in yellow scales. (AC +2)
Scrolls take you a little longer to read.
You possess an exceptional clarity of mind.
You are clumsy. (Dex -2)
You passively map the area around you.
Your system is resistant to poisons. (rPois)
You are resistant to electric shocks. (rElec)
Your muscles are strong. (Str +2)


Message History

Things that are here:
a robe; a dagger HP restored.
Magic restored.
There is a stone staircase leading up here.
You climb upwards.
Level annotation: Partyfoot's ghost, amateur TeSu
There is a stone staircase leading down here.
You see here a dagger.
There is a stone staircase leading up here.
You climb upwards.
There is a stone staircase leading down here.
A rust devil comes into view.
The rust devil screeches!
You can't go up here!
There is a stone staircase leading up, spattered with blood here.
You climb upwards.
There is a stone staircase leading down here.
There is a staircase leading out of the dungeon here.
You have escaped!

##...................#.....
#...........#.#.....)#.#.#.
#....................#.....
#...........#.#......#...##
###..................)>#.....
#####>..#...#...###.......)#.....
#.÷.)[###########.............⌠..
#)##############..##..#.#........
#...............@.###...).##.....
#.#########...........#.#........
#..####.....#.#.#.###.....##....#
##.................###..#.....###
#.†#.#.#...#.#.#..........#.##
#................#######.....#
#..#.#.#...#.#.#.# #.#.#.#
##.......#.......# #.....#
#.#.#.#.###..#.## #.#.#.###


There were no monsters in sight!

Vanquished Creatures
  the Royal Jelly (Slime:5)
  Dissolution (Slime:2)
  A pandemonium lord (Zot:5)
  4 orbs of fire
  2 juggernauts
  4 ancient liches
  Boris (Depths:3)
  Margery (Depths:3)
  Bai Suzhen (Shoals:3)
  2 curse toes
  3 caustic shrikes (Depths:4)
  5 Killer Klowns (Zot:5)
  8 golden dragons
  2 bone dragons (Zot:1)
  Nikola (Vaults:2)
  Arachne (Spider:4)
  4 liches
  Jorgrun (Depths:3)
  11 tentacled monstrosities
  3 electric golems (Zot:5)
  25 Orb Guardians
  A titan (Depths:4)
  21 acid blobs
  5 quicksilver dragons
  An Executioner (Zot:3)
  7 death cobs
  A kraken (Shoals:3)
  7 sphinxes
  15 storm dragons
  4 draconian monks
  4 tengu reavers
  8 shadow dragons
  An iron dragon (Depths:4)
  8 azure jellies
  3 draconian knights
  Ilsuiw (Shoals:4)
  9 fire giants
  2 deep elf sorcerers
  6 draconian scorchers
  10 vault wardens
  11 frost giants
  Louise (Spider:3)
  8 ghost moths
  A juggernaut zombie (Depths:3)
  7 draconian shifters
  4 draconian stormcallers
  7 emperor scorpions
  9 very ugly things
  4 draconian annihilators
  13 ironheart preservers
  A war gargoyle (Vaults:3)
  The ghost of b5mith the Fighter, a journeyman MiBe of Trog (D:15)
  6 green draconians
  2 vampire knights
  12 stone giants
  3 entropy weavers
  A deep elf demonologist (Depths:4)
  9 black draconians
  7 dire elephants
  5 purple draconians
  A deep elf annihilator (Vaults:2)
  3 spark wasps
  9 yellow draconians
  13 white draconians
  10 red draconians
  16 ettins
  A deep elf death mage (Vaults:2)
  6 death oozes (Slime:5)
  6 merfolk impalers
  11 yaktaur captains
  Erolcha (Orc:1)
  A deep elf high priest (Depths:5)
  9 great orbs of eyes
  3 merfolk javelineers
  9 fire dragons
  7 rakshasas
  17 ice dragons
  A hell beast (Zot:5)
  7 vault guards
  2 catoblepae
  5 spriggan air magi
  15 centaur warriors
  An alligator snapping turtle (Shoals:4)
  13 hydras
  7 merfolk aquamancers
  8 merfolk avatars
  Erica (D:8)
  12 ogre magi
  The ghost of samfromsteam the Fighter, a novice MiMo of Qazlal (D:8)
  4 satyrs
  An anaconda (Lair:6)
  7 deep troll shamans
  21 two-headed ogres
  2 hell hogs (Depths:3)
  A titan zombie (Depths:3)
  7 deep troll earth magi
  4 death knights
  3 tengu warriors
  4 vampire magi
  A spriggan berserker (Depths:5)
  A storm dragon zombie (Zot:1)
  14 hell knights
  5 soul eaters (Zot:1)
  2 skeletal warriors
  5 deep elf knights
  An iron troll (Depths:3)
  A salamander mystic (Depths:2)
  2 death drakes (Zot:1)
  A sixfirhy (D:5)
  A shadow wraith (Vaults:1)
  18 deep trolls
  An unseen horror (shapeshifter) (Vaults:3)
  2 flayed ghosts
  24 sea snakes
  A shadow demon (Zot:5)
  5 unseen horrors
  4 wizards
  4 deep elf archers
  3 glowing orange brains
  A glowing orange brain (shapeshifter) (Depths:2)
  A golden dragon skeleton (Zot:1)
  A kraken simulacrum (Shoals:4)
  12 ironbrand convokers
  6 necromancers
  6 deep elf magi
  A fire giant zombie (Depths:3)
  An iron dragon zombie (Depths:2)
  31 wolf spiders
  19 orb spiders
  14 orc knights
  3 harpies
  5 salamanders (Depths:2)
  17 fauns
  10 cyclopes
  10 manticores
  An orc sorcerer (Vaults:3)
  A cyclops (shapeshifter) (Depths:5)
  11 moths of wrath
  3 shining eyes
  4 elephants (Lair:6)
  57 ugly things
  A naga mage (D:15)
  2 orange demons
  A fire giant skeleton (Depths:2)
  14 merfolk sirens
  An elf zombie (Depths:3)
  4 centaur zombies
  9 water nymphs
  13 vault sentinels
  A guardian serpent (shapeshifter) (Depths:1)
  A torpor snail (shapeshifter) (Vaults:4)
  2 torpor snails
  9 spiny frogs
  33 yaktaurs
  2 kobold demonologists (D:13)
  A yellow draconian zombie (Zot:1)
  4 komodo dragons
  2 efreet
  4 freezing wraiths
  16 demonic crawlers
  An ice devil (Depths:1)
  5 red devils
  A rime drake (Lair:3)
  A yaktaur (shapeshifter) (Vaults:2)
  31 merfolk
  2 tengu conjurers
  3 trolls
  A meliai (shapeshifter) (Vaults:2)
  7 polar bears
  26 jumping spiders
  10 hornets
  3 meliai (Spider:2)
  2 queen bees
  5 wind drakes
  A meliai zombie (D:14)
  26 blink frogs
  53 slime creatures
  8 hippogriffs
  A human simulacrum (Vaults:1)
  7 snapping turtles
  59 redbacks
  A spriggan skeleton (Depths:2)
  39 tarantellas
  3 wraiths
  2 ynoxinuls
  A redback (shapeshifter) (Vaults:3)
  A yak (shapeshifter) (Depths:5)
  5 wyverns
  A hog (shapeshifter) (Vaults:4)
  47 yaks
  2 hungry ghosts
  A human (shapeshifter) (Depths:3)
  13 water elementals
  6 golden eyes (Slime:4)
  4 basilisks
  7 vampire mosquitoes
  9 wargs
  A neqoxec (Zot:3)
  A yaktaur simulacrum (Vaults:1)
  Menkaure (D:5)
  2 soldier ants
  11 water moccasins
  3 acid dragons
  9 hell hounds
  A soldier ant (shapeshifter) (Vaults:3)
  17 porcupines
  A sky beast (D:7)
  10 black bears
  49 orc warriors
  6 ice beasts
  An ice beast (shapeshifter) (Depths:1)
  An eye of draining (shapeshifter) (Vaults:1)
  5 boggarts
  43 ogres
  A necrophage (D:11)
  A tengu (shapeshifter) (Vaults:3)
  4 wolves (Lair:3)
  23 centaurs
  2 eyes of draining
  4 phantoms
  A centaur (shapeshifter) (Vaults:3)
  18 crocodiles
  2 crocodiles (shapeshifter)
  5 big kobolds
  14 bullfrogs
  2 wyvern zombies (D:12)
  3 scorpions
  A wyvern skeleton (D:9)
  37 killer bees
  An electric eel (Lair:4)
  11 wights
  A bullfrog zombie (D:10)
  6 howler monkeys
  6 crimson imps
  8 jellies
  8 hounds
  3 quasits
  25 orc wizards
  6 iguanas
  11 orc priests
  2 bullfrog skeletons
  3 centaur skeletons
  A gnoll shaman (D:6)
  Natasha (thrice) (D:2)
  8 worker ants
  A hound skeleton (D:7)
  12 gnolls
  11 adders
  6 shadow imps
  5 oozes
  2 adder zombies (D:9)
  2 adder skeletons
  5 worms
  2 dart slugs
  5 leopard geckos
  129 orcs
  3 bats
  8 giant cockroaches
  6 hobgoblins
  21 jackals
  3 quokkas
  7 frilled lizards
  15 goblins
  15 kobolds
  8 rats
  3 plants (Lair:6)
  4 tentacles
2040 creatures vanquished.

Vanquished Creatures (collateral kills)
  An orc warrior (D:6)
  3 killer bees
  An adder (D:7)
5 creatures vanquished.

Vanquished Creatures (others)
  A ghost moth (Zot:2)
  A fire dragon (Vaults:4)
  A faun (Shoals:3)
  2 moths of wrath (Zot:5)
  2 howler monkeys (D:7)
  A water moccasin (D:7)
  2 killer bees
  A centaur (Shoals:3)
  A worker ant (D:7)
  A gnoll (D:4)
  A jackal (D:2)
  7 fungi
  33 plants
  7 tentacles
61 creatures vanquished.

Grand Total: 2106 creatures vanquished

Notes
Turn   | Place    | Note
-------+----------+-------------------------------------------
     0 | D:1      | PinaColada the Vine Stalker Artificer began the quest for the Orb.
     0 | D:1      | Reached XP level 1. HP: 9/9 MP: 3/3
    10 | D:1      | Reached skill level 1 in Fighting
    10 | D:1      | Reached skill level 1 in Short Blades
   205 | D:2      | Noticed Natasha
   210 | D:2      | Noticed an iron imp
   210 | D:2      | Killed Natasha
   210 | D:2      | Reached XP level 2. HP: 3/14 MP: 3/5
   210 | D:2      | Reached XP level 3. HP: 4/18 MP: 3/6
   372 | D:2      | Noticed Natasha
   795 | D:2      | Found a bloodstained altar of Trog.
   835 | D:2      | Killed Natasha
   835 | D:2      | Reached skill level 2 in Fighting
   835 | D:2      | Gained mutation: Your natural rate of healing is unusually fast. [Vine Stalker growth]
   835 | D:2      | Reached XP level 4. HP: 22/23 MP: 7/7
  1815 | D:2      | Noticed Natasha
  1821 | D:2      | Killed Natasha
  1821 | D:2      | Reached XP level 5. HP: 22/27 MP: 6/8
  2369 | D:3      | Reached XP level 6. HP: 28/32 MP: 9/9
  2404 | D:3      | Reached skill level 3 in Fighting
  2738 | D:3      | Noticed Partyfoot's ghost (amateur TeSu)
  3353 | D:4      | Found a staircase to the Ecumenical Temple.
  3357 | D:4      | Reached skill level 5 in Short Blades
  3357 | D:4      | Reached XP level 7. HP: 36/36 MP: 10/10
  3368 | Temple   | Entered the Ecumenical Temple
  4141 | D:4      | Reached skill level 4 in Fighting
  4464 | D:5      | Entered Level 5 of the Dungeon
  4492 | D:5      | Found Uqaj's Magic Scroll Boutique.
  4524 | D:5      | Bought a scroll of summoning for 104 gold pieces
  4524 | D:5      | Bought a scroll of fear for 38 gold pieces
  4524 | D:5      | Bought a scroll of identify for 22 gold pieces
  4814 | D:5      | Gained mutation: You have razor-sharp teeth. [Vine Stalker growth]
  4814 | D:5      | Reached XP level 8. HP: 36/42 MP: 11/11
  4937 | D:5      | Found an iron altar of Okawaru.
  5044 | D:5      | Noticed Menkaure
  5051 | D:5      | Killed Menkaure
  5162 | D:5      | Reached skill level 5 in Fighting
  5486 | D:6      | Found a shimmering altar of Xom.
  5605 | D:6      | Found a transporter.
  5608 | D:6      | Found an opulent altar of Gozag.
  5608 | D:6      | Noticed a troll
  5610 | D:6      | Found a transporter.
  5610 | D:6      | Found a snail-covered altar of Cheibriados.
  5725 | D:6      | Reached XP level 9. HP: 46/48 MP: 12/12
  5926 | D:6      | Reached skill level 6 in Fighting
  6225 | D:6      | Found Safaus's Distillery.
  6228 | D:6      | Bought 2 potions of might for 104 gold pieces
  6952 | D:7      | Found a glowing silver altar of Zin.
  6952 | D:7      | Noticed an angel
  7560 | D:7      | Reached skill level 1 in Armour
  7917 | D:7      | Got an ancient robe
  7938 | D:6      | Identified the +1 robe of the Comet {rElec rCorr Int+2 Slay-4} (You took it off a wight on level 7 of the Dungeon)
  8072 | D:7      | Found an ornate altar of the Wu Jian Council.
  8249 | D:7      | Became a worshipper of the Wu Jian Council
  8613 | D:8      | Noticed Erica
  8613 | D:8      | Noticed samfromsteam's ghost (novice MiMo)
  8923 | D:8      | Noticed a hornet
  8933 | D:8      | Killed a hornet
  8933 | D:8      | Reached skill level 7 in Fighting
  8933 | D:8      | Reached skill level 10 in Short Blades
  8933 | D:8      | Reached XP level 10. HP: 55/55 MP: 13/13
  9340 | D:7      | Reached * piety under Wu Jian
  9958 | D:8      | Killed Erica
 10380 | D:9      | Noticed a two-headed ogre
 10406 | D:8      | Killed a two-headed ogre
 10470 | D:9      | Reached skill level 8 in Fighting
 10590 | D:9      | Got a fine robe
 10602 | D:9      | Identified the cursed +1 robe of a bazaar {SInv} (You found it on level 9 of the Dungeon)
 10794 | D:9      | Found an ancient bone altar of Kikubaaqudgha.
 10913 | D:9      | Found a blossoming altar of Fedhas.
 11003 | D:9      | Reached ** piety under Wu Jian
 11003 | D:9      | Reached XP level 11. HP: 60/60 MP: 14/14
 11472 | D:10     | Entered Level 10 of the Dungeon
 11491 | D:10     | Noticed a two-headed ogre
 11586 | D:10     | Noticed a two-headed ogre
 11609 | D:10     | Killed a two-headed ogre
 11742 | D:10     | Found Amiusefu's Magic Scroll Shop.
 11761 | D:10     | Killed a two-headed ogre
 11763 | D:10     | Reached skill level 9 in Fighting
 11857 | D:10     | Bought a scroll of enchant weapon for 97 gold pieces
 11857 | D:10     | Bought a scroll of identify for 26 gold pieces
 11857 | D:10     | Bought a scroll of teleportation for 39 gold pieces
 11857 | D:10     | Bought 2 scrolls of identify for 52 gold pieces
 11887 | D:10     | Reached skill level 5 in Armour
 12039 | D:10     | Found Otallor's Gadget Emporium.
 12189 | D:10     | Reached *** piety under Wu Jian
 12217 | D:10     | Found a staircase to the Orcish Mines.
 13017 | D:11     | Upgraded the game from 0.22-a0-231-g1b571ea to 0.22-a0-240-g539252a
 13046 | D:11     | Found a staircase to the Lair.
 13219 | D:11     | Found a white marble altar of Elyvilon.
 13474 | D:11     | Killed an unseen horror
 13705 | Lair:1   | Entered Level 1 of the Lair of Beasts
 13990 | D:11     | Reached **** piety under Wu Jian
 14104 | Lair:1   | Reached skill level 10 in Fighting
 14104 | Lair:1   | Reached skill level 5 in Evocations
 14118 | Lair:1   | Gained mutation: You heal very quickly. [Vine Stalker growth]
 14118 | Lair:1   | Reached XP level 12. HP: 50/67 MP: 16/16
 15624 | Lair:2   | Reached skill level 11 in Fighting
 15968 | Lair:3   | Reached ***** piety under Wu Jian
 16149 | Lair:3   | Found a staircase to the Shoals.
 16567 | Lair:3   | Found a hole to the Spider Nest.
 16730 | Lair:4   | Noticed a six-headed hydra
 16730 | Lair:4   | Noticed a five-headed hydra
 17037 | Lair:3   | Reached XP level 13. HP: 60/74 MP: 18/18
 17767 | Lair:4   | Identified a scroll of acquirement
 17978 | Lair:4   | Reached skill level 12 in Fighting
 18469 | Lair:5   | Found a staircase to the Slime Pits.
 19066 | Lair:6   | Entered Level 6 of the Lair of Beasts
 20334 | Lair:6   | Noticed a dire elephant
 20338 | Lair:6   | Noticed a dire elephant
 20344 | Lair:6   | Noticed a dire elephant
 20375 | Lair:6   | Killed a dire elephant
 20431 | Lair:6   | Killed a dire elephant
 20431 | Lair:6   | Reached XP level 14. HP: 79/81 MP: 19/21
 20468 | Lair:6   | Killed a dire elephant
 20582 | Lair:6   | Noticed a dire elephant
 20582 | Lair:6   | Noticed a dire elephant
 20627 | Lair:6   | Noticed a dire elephant
 20642 | Lair:6   | Killed a dire elephant
 20642 | Lair:6   | Reached skill level 13 in Fighting
 20776 | Lair:5   | Killed a dire elephant
 20869 | Lair:6   | Killed a dire elephant
 20963 | Lair:6   | Got a warped quick blade
 20964 | Lair:6   | Identified the +2 quick blade of Dishonesty {drain, +Rage} (You found it on level 6 of the Lair of Beasts)
 21243 | D:12     | Reached ****** piety under Wu Jian
 22569 | D:13     | Found a gate to the Vaults.
 23054 | D:14     | Reached skill level 14 in Fighting
 23068 | D:14     | Found a burning altar of Makhleb.
 23664 | D:15     | Entered Level 15 of the Dungeon
 23792 | D:15     | Reached XP level 15. HP: 69/88 MP: 19/22
 23848 | D:15     | Noticed b5mith's ghost (journeyman MiBe)
 23946 | D:15     | Found a staircase to the Depths.
 24226 | D:15     | Found Fidil's General Store.
 24230 | D:15     | Bought the ring of Tarusoru {rPois rF+ rN+ Int+5} for 633 gold pieces
 24367 | D:15     | Reached skill level 5 in Dodging
 25030 | D:15     | Killed b5mith's ghost
 25276 | Orc:1    | Entered Level 1 of the Orcish Mines
 25457 | Orc:1    | Noticed Erolcha
 25467 | Orc:1    | Killed Erolcha
 25548 | Orc:2    | Entered Level 2 of the Orcish Mines
 25563 | Orc:2    | Reached skill level 15 in Fighting
 25653 | Orc:2    | Found a staircase to the Elven Halls.
 25924 | Orc:2    | Found a roughly hewn altar of Beogh.
 26012 | Orc:2    | Reached skill level 10 in Armour
 26228 | Orc:2    | Found a roughly hewn altar of Beogh.
 26247 | Orc:2    | Found Git Ruru's Distillery.
 26280 | Orc:2    | Bought a potion of invisibility for 104 gold pieces
 26280 | Orc:2    | Bought a potion of resistance for 130 gold pieces
 26280 | Orc:2    | Bought a potion of mutation for 104 gold pieces
 26285 | Orc:2    | Found Giroetuj's Armour Shop.
 26326 | Orc:2    | Bought a +0 shield for 58 gold pieces
 26528 | Orc:2    | Found Muurcheyxt's Gadget Shop.
 26603 | Orc:2    | Found Tuomyes's Magic Scroll Shoppe.
 26636 | Orc:2    | Reached skill level 1 in Shields
 26639 | Orc:2    | Bought a scroll of brand weapon for 240 gold pieces
 26639 | Orc:2    | Bought a scroll of acquirement for 624 gold pieces
 27102 | Lair:1   | Upgraded the game from 0.22-a0-240-g539252a to 0.22-a0-246-gdc04c06
 27155 | Spider:1 | Entered Level 1 of the Spider Nest
 27292 | Spider:1 | Noticed an emperor scorpion
 27324 | Lair:3   | Killed an emperor scorpion
 27633 | Spider:1 | Reached XP level 16. HP: 90/95 MP: 21/23
 28268 | Spider:1 | You fall through a shaft!
 28388 | Spider:1 | Reached skill level 5 in Shields
 30028 | Spider:3 | Noticed Louise
 30058 | Spider:3 | Killed Louise
 30590 | Spider:4 | Entered Level 4 of the Spider Nest
 31299 | Spider:4 | Noticed Arachne
 31313 | Spider:4 | Reached XP level 17. HP: 66/100 MP: 24/24
 31486 | Spider:4 | Killed Arachne
 31551 | Spider:4 | Reached skill level 16 in Fighting
 31855 | Spider:4 | Got a gossamer rune of Zot
 32220 | Shoals:1 | Entered Level 1 of the Shoals
 32741 | Shoals:1 | Identified a +2 pair of boots of running (You acquired it on level 1 of the Shoals)
 33184 | Shoals:2 | Learned a level 1 spell: Apportation
 33186 | Shoals:2 | Learned a level 1 spell: Summon Butterflies
 33568 | Shoals:2 | Reached skill level 10 in Shields
 34073 | Shoals:3 | Reached XP level 18. HP: 81/107 MP: 21/25
 34170 | Shoals:3 | Found Kaaletzo's Island Escapes.
 35021 | Shoals:4 | Entered Level 4 of the Shoals
 35098 | Shoals:4 | Noticed Bai Suzhen
 35120 | Shoals:3 | Killed Bai Suzhen
 35360 | Shoals:4 | Reached skill level 17 in Fighting
 36198 | Shoals:4 | Noticed Ilsuiw
 36216 | Shoals:4 | Killed Ilsuiw
 36287 | Shoals:4 | Got a barnacled rune of Zot
 36875 | D:15     | Bought a +3 chain mail of fire resistance for 344 gold pieces
 36905 | D:15     | Upgraded the game from 0.22-a0-246-gdc04c06 to 0.22-a0-247-gbddf880
 36971 | Vaults:1 | Entered Level 1 of the Vaults
 37221 | Vaults:1 | Reached skill level 18 in Fighting
 37362 | Vaults:1 | Reached XP level 19. HP: 71/114 MP: 26/26
 37816 | Vaults:1 | Reached skill level 10 in Dodging
 38806 | Vaults:2 | Noticed Nikola
 38903 | Vaults:2 | Reached skill level 19 in Fighting
 39311 | Vaults:2 | Killed Nikola
 39336 | Vaults:2 | Reached skill level 10 in Evocations
 39870 | Vaults:2 | Found a staircase to the Crypt.
 40205 | Vaults:3 | Reached XP level 20. HP: 123/123 MP: 28/28
 40321 | Vaults:3 | Reached skill level 20 in Fighting
 42430 | Vaults:4 | Reached XP level 21. HP: 72/128 MP: 30/30
 43238 | Depths:1 | Entered Level 1 of the Depths
 43421 | Depths:1 | Identified the Incunabulum of the Displaced Birds
 43494 | Depths:1 | Found a one-way gate leading to the halls of Pandemonium.
 43649 | Depths:1 | Reached skill level 21 in Fighting
 43884 | Depths:1 | Found a gateway to Hell.
 44729 | Depths:2 | Found a transporter.
 45319 | Depths:2 | Found a transporter.
 45496 | Depths:2 | Noticed a juggernaut
 45512 | Depths:2 | Killed a juggernaut
 45514 | Depths:2 | Reached XP level 22. HP: 94/135 MP: 31/31
 45619 | Depths:2 | Got a slimy helmet
 45642 | Depths:2 | Identified the +0 helmet of Claustrophobia {Str+5} (You found it on level 2 of the Depths)
 45691 | Depths:2 | Got a warped jade ring
 45699 | Depths:2 | Identified the ring "Wainoxad" {rPois Str+5 Dex-3 Slay+5} (You found it on level 2 of the Depths)
 45710 | Depths:2 | Got a crude lapis lazuli ring
 45712 | Depths:2 | Identified the ring "Madeisud" {Ice rPois Int+6} (You found it on level 2 of the Depths)
 46034 | Depths:3 | Noticed Jorgrun
 46045 | Depths:3 | Killed Jorgrun
 46289 | Depths:3 | Noticed Boris
 46295 | Depths:3 | Killed Boris
 46295 | Depths:3 | Reached skill level 1 in Long Blades
 46836 | Depths:3 | Noticed Margery
 46843 | Depths:3 | Killed Margery
 47490 | Depths:4 | Reached skill level 5 in Long Blades
 47787 | Depths:4 | Found a one-way gate to the infinite horrors of the Abyss.
 47790 | Depths:4 | Reached XP level 23. HP: 141/141 MP: 32/32
 47869 | Depths:4 | Reached skill level 15 in Armour
 48077 | Depths:4 | Noticed a golden dragon
 48080 | Depths:4 | Killed a golden dragon
 48097 | Depths:4 | Got a brightly glowing ruby amulet
 48107 | Depths:4 | Identified the amulet of Cheibriados's Esteem {Acrobat Str+6} (You took it off a rakshasa on level 4 of the Depths)
 48203 | Depths:4 | Noticed a golden dragon
 48210 | Depths:4 | Killed a golden dragon
 48513 | Depths:5 | Entered Level 5 of the Depths
 48517 | Depths:5 | Noticed a caustic shrike
 48517 | Depths:5 | Noticed a caustic shrike
 48519 | Depths:5 | Noticed a caustic shrike
 48527 | Depths:4 | Killed a caustic shrike
 48545 | Depths:4 | Killed a caustic shrike
 48548 | Depths:4 | Killed a caustic shrike
 48600 | Depths:5 | Noticed a golden dragon
 48618 | Depths:5 | Killed a golden dragon
 48633 | Depths:5 | Noticed a juggernaut
 48643 | Depths:5 | Killed a juggernaut
 48794 | Depths:5 | Found a gateway to a ziggurat.
 49098 | Depths:5 | Reached skill level 22 in Fighting
 49531 | Depths:5 | Reached XP level 24. HP: 107/147 MP: 32/32
 49558 | Depths:5 | Found a gate to the Realm of Zot.
 49948 | Slime:1  | Entered Level 1 of the Pits of Slime
 49988 | Slime:3  | Gained mutation: You are clumsy. (Dex -2) [a shining eye]
 49991 | Slime:3  | Gained mutation: You are dopey. (Int -2) [a shining eye]
 49996 | Slime:3  | Noticed Dissolution
 50067 | Slime:2  | Killed Dissolution
 50067 | Slime:2  | Reached skill level 10 in Long Blades
 50413 | Slime:5  | Entered Level 5 of the Pits of Slime
 50442 | Slime:5  | Gained mutation: You are very clumsy. (Dex -4) [a shining eye]
 50443 | Slime:5  | Gained mutation: You are frail. (-10% HP) [a shining eye]
 50496 | Slime:4  | Lost mutation: You are frail. (-10% HP) [potion of mutation]
 50496 | Slime:4  | Gained mutation: Your system is resistant to poisons. (rPois) [potion of mutation]
 50496 | Slime:4  | Gained mutation: You are frail. (-10% HP) [potion of mutation]
 50496 | Slime:4  | Gained mutation: You are partially covered in yellow scales. (AC +2) [potion of mutation]
 50497 | Slime:4  | Lost mutation: You are dopey. (Int -2) [potion of mutation]
 50497 | Slime:4  | Lost mutation: You are very clumsy. (Dex -4) [potion of mutation]
 50497 | Slime:4  | Lost mutation: You are frail. (-10% HP) [potion of mutation]
 50497 | Slime:4  | Gained mutation: You are very clumsy. (Dex -4) [potion of mutation]
 50497 | Slime:4  | Gained mutation: You occasionally shout uncontrollably at your foes. [potion of mutation]
 50497 | Slime:4  | Gained mutation: You passively map a small area around you. [potion of mutation]
 50524 | Slime:5  | Found a viscous altar of Jiyva.
 50525 | Slime:5  | Noticed the Royal Jelly
 50569 | Slime:5  | Killed the Royal Jelly
 50752 | Slime:5  | Got a transparent marble ring
 50781 | Slime:5  | Identified the ring "Faat" {*Tele rC+ rN+ MR- Str+2} (You found it on level 5 of the Pits of Slime)
 50794 | Slime:5  | Identified the Grimoire of Bewitchment and Dark Secrets
 50802 | Slime:5  | Got a scorched dagger
 50803 | Slime:5  | Identified the cursed +0 dagger of Muinepr Gaas {flame, rN+ Str-3 Dex+7} (You found it on level 5 of the Pits of Slime)
 50845 | Slime:5  | Got a slimy rune of Zot
 50865 | Slime:5  | Identified Advanced Spellweaving
 51492 | Zot:1    | Entered Level 1 of the Realm of Zot
 51605 | Zot:1    | Noticed an ancient lich
 51608 | Zot:1    | Killed an ancient lich
 51831 | Zot:2    | Reached XP level 25. HP: 153/153 MP: 32/32
 52789 | Zot:4    | Noticed an orb of fire
 52797 | Zot:4    | Gained mutation: Scrolls take you a little longer to read. [an orb of fire]
 52799 | Zot:4    | Gained mutation: You are frail. (-10% HP) [an orb of fire]
 52901 | Zot:3    | Lost mutation: You are very clumsy. (Dex -4) [potion of mutation]
 52901 | Zot:3    | Lost mutation: You occasionally shout uncontrollably at your foes. [potion of mutation]
 52901 | Zot:3    | Lost mutation: You are clumsy. (Dex -2) [potion of mutation]
 52901 | Zot:3    | Lost mutation: You are frail. (-10% HP) [potion of mutation]
 52901 | Zot:3    | Gained mutation: Your muscles are strong. (Str +2) [potion of mutation]
 52901 | Zot:3    | Gained mutation: Your muscles are very strong. (Str +4) [potion of mutation]
 52901 | Zot:3    | Gained mutation: You are clumsy. (Dex -2) [potion of mutation]
 52901 | Zot:3    | Gained mutation: You passively map the area around you. [potion of mutation]
 52918 | Zot:3    | Killed an orb of fire
 52918 | Zot:3    | Reached skill level 15 in Shields
 52953 | Zot:4    | Noticed an orb of fire
 53118 | Zot:3    | Killed an orb of fire
 54155 | Zot:5    | Entered Level 5 of the Realm of Zot
 54290 | Zot:5    | Reached skill level 23 in Fighting
 54325 | Zot:5    | Reached XP level 26. HP: 131/159 MP: 30/32
 55954 | Zot:5    | Noticed an orb of fire
 55955 | Zot:5    | Gained mutation: You occasionally shout uncontrollably at your foes. [an orb of fire]
 55963 | Zot:5    | Killed an orb of fire
 56271 | Zot:5    | Noticed an ancient lich
 56292 | Zot:5    | Killed an ancient lich
 57559 | Zot:5    | Noticed an ancient lich
 57566 | Zot:5    | Killed an ancient lich
 57606 | Zot:5    | Reached XP level 27. HP: 157/165 MP: 32/32
 57794 | Zot:5    | Reached skill level 24 in Fighting
 57950 | Zot:5    | Noticed an orb of fire
 57956 | Zot:5    | Gained mutation: You tend to lose your temper in combat. [an orb of fire]
 57972 | Zot:5    | Killed an orb of fire
 58124 | Zot:5    | Lost mutation: You occasionally shout uncontrollably at your foes. [potion of mutation]
 58124 | Zot:5    | Lost mutation: You tend to lose your temper in combat. [potion of mutation]
 58124 | Zot:5    | Lost mutation: Your muscles are very strong. (Str +4) [potion of mutation]
 58124 | Zot:5    | Gained mutation: You are resistant to electric shocks. (rElec) [potion of mutation]
 58124 | Zot:5    | Gained mutation: You possess an exceptional clarity of mind. [potion of mutation]
 58145 | Zot:5    | Got the Orb of Zot
 58161 | Zot:5    | Noticed Liali the pandemonium lord
 58181 | Zot:5    | Killed Liali the pandemonium lord
 58274 | Zot:3    | Noticed Quasoduv the pandemonium lord
 58289 | Zot:3    | Noticed an ancient lich
 58300 | Zot:3    | Killed an ancient lich
 58518 | D:15     | Noticed Juggyis the pandemonium lord
 58565 | D:13     | Noticed Coeghon the pandemonium lord
 58668 | D:8      | Noticed Mourch the pandemonium lord
 58668 | D:8      | Killed samfromsteam's ghost
 58796 | D:4      | Noticed Nupen the pandemonium lord
 58897 | D:$      | Escaped with the Orb!

Vault maps used:
D:1:      dpeg_arrival_lava_altar, serial_glass, glass_columns_a,
          glass_columns_a, glass_columns_b, glass_columns_a, glass_columns_a,
          glass_columns_a, glass_columns_a, glass_columns_c, glass_columns_a,
          glass_columns_c, glass_columns_a, glass_columns_a, glass_columns_a,
          glass_columns_b, solitary_fountain, patterned_corridor
D:2:      lemuel_round_altar, minmay_small_reverse_x, uniq_natasha
D:4:      minmay_temple_entry_crystal_x
D:5:      marbit_many_paths, serial_shops, shop, first_ration, uniq_menkaure
D:6:      gammafunk_temple_overflow_arena, serial_shops, kennysheep_mini_moat,
          xom_teletrap_fun
D:7:      zin_angel, old_standard_altar
D:8:      david_nohive_1, uniq_erica
D:9:      lemuel_round_altar, nicolae_overflow_crystal_walls
D:10:     hiddenorc2_lemuel, serial_shops, shop, nicolae_shop_waterfront
D:11:     lair_entry_dummy, elyvilon_altar_1
D:12:     kennysheep_dice
D:13:     hangedman_vaults_entry_quadrant_bands
D:14:     serial_bayou_ford_a, lemuel_hellish_altar
D:15:     hangedman_depths_entry_try_elsewhere_first, minmay_curled_crystal,
          serial_shops, shop
Temple:   oiseaux_autumnal_temple
Lair:1:   beast_lair_carwin_large_4
Lair:3:   minmay_shoals_entry_beasts, spider_nest_entry_a, beast_lair_carwin_3
Lair:4:   serial_bayou, serial_bayou_lagoon_b, serial_bayou_pond_e,
          serial_bayou_pond_b, serial_bayou_pond_e
Lair:5:   nicolae_slime_entry_slimehenge, serial_bayou_shore_b,
          lemuel_fruit_fields
Lair:6:   due_jungle_book, infiniplex_staircase_pool_2
Shoals:1: cheibrodos_shoals_three_sisters
Shoals:2: abandoned_shop
Shoals:3: nicolae_island_escapes
Shoals:4: shoals_end_grunt_ice, shoals_ilsuiw_ice, uniq_bai_suzhen
Spider:1: nicolae_spider_shape
Spider:2: nicolae_looking_at_the_future
Spider:3: uniq_louise
Spider:4: johnstein_spider_rune_arachne_lair, nicolae_spider_cling_ruins
Slime:3:  uniq_dissolution
Orc:1:    uniq_erolcha
Orc:2:    st_orc_town, basic_altar
Vaults:1: ontoclasm_vaults_tryst, grunt_vaults_swirl,
          nicolae_vaults_yaktaur_gun_rack, nicolae_vaults_little_squares_3,
          hangedman_vaults_snaps, vaults_mumra_minichess, st_lattice,
          hangedman_vaults_trim, nicolae_vaults_little_squares_4,
          vaults_dpeg_diagonal, vaults_room_corners
Vaults:2: v_rooms_3, ontoclasm_vaults_ring_small, blue_anna_dwarven_crypt,
          grunt_vaults_hallway_short, vaults_room_semicircle,
          nicolae_vaults_angled_halls, uniq_nikola
Vaults:3: nicolae_vaults_little_squares_4, hangedman_vaults_unwind,
          hangedman_vaults_stretched_pinwheel, ontoclasm_vaults_twist,
          ontoclasm_vaults_shuriken, hangedman_vaults_locks,
          vaults_room_corners, v_pattern_2, nicolae_vaults_ninety_degrees,
          ontoclasm_vaults_claustrophobia, vaults_room_corners,
          grunt_vaults_hallway_long
Vaults:4: v_misc_14, nicolae_vaults_three_branches, v_misc_14,
          nicolae_vaults_asterisk, v_misc_32,
          nicolae_vaults_windows_and_doors_thing, v_misc_16, v_misc_29,
          nicolae_vaults_alarming, nicolae_vaults_circle_grid_a,
          dpeg_vaults_waves, v_misc_11, vaults_room_pool, vaults_room_door_ring
Depths:1: pan_entry, serial_bayou_pond_a, hell_entry, st_stairs_6,
          grunt_ministairs_11, evilmike_butchery, firewood_loft
Depths:2: gammafunk_dig_for_victory, hell_entry, kennysheep_big_empty_room,
          special_room, serial_bayou_shore_a
Depths:3: cheibrodos_tormentor_scu, pan_entry, grunt_hell_horde,
          minmay_item_behind_shaft, infiniplex_staircase_zigzag_4, uniq_jorgrun,
          uniq_boris, uniq_margery
Depths:4: minmay_the_grid_square_5x5_4x4, hell_entry,
          minmay_misc_feat_secret_circle,
          nicolae_abyss_entry_one_way_or_another, minmay_misc_feat_tiny,
          corexii_hall_statues_i, infiniplex_staircase_split_hallway
Depths:5: grunt_zot_entry_hairpin, enter_ziggurat_a, nicolae_sextant,
          hellmouth_1
Zot:1:    hangedman_snap_crack_crunch
Zot:3:    basic_stair_grate_trap

Skill      XL: |  1  2  3  4  5  6  7  8  9 10 11 12 13 14 15 16 17 18 19 20 21 22 23 24 25 26 27 |
---------------+----------------------------------------------------------------------------------+-----
Fighting       | 1 2 3 4 5 7 8 10 11 12 14 15 16 18 19 20 21 22 23 24 | 24.3
Short Blades   | 2 3 4 5 6 8 10 11 12 13 | 13.2
Armour         | 2 4 5 7 8 9 10 11 12 13 14 15 16 17 | 17.7
Evocations     | 3 5 6 8 9 10 11 | 11.3
Dodging        | 4 6 7 8 9 10 11 12 13 14 | 14.9
Shields        | 3 7 10 11 12 13 14 15 16 | 16.6
Long Blades    | 5 9 12 13 | 13.4
Stealth        | |  1.2

Action                   |  1- 3 |  4- 6 |  7- 9 | 10-12 | 13-15 | 16-18 | 19-21 | 22-24 | 25-27 || total
-------------------------+-------+-------+-------+-------+-------+-------+-------+-------+-------++-------
Melee: Short sword       |    38 |   395 |   460 |       |       |       |       |       |       ||   893
       Bite              |     6 |   116 |   210 |   549 |  1264 |  1010 |  1105 |   937 |   818 ||  6015
       Dagger            |       |       |    76 |  1231 |   707 |       |       |       |       ||  2014
       Scimitar          |       |       |       |     4 |     4 |       |       |       |       ||     8
       Quick blade       |       |       |       |       |  1698 |  2087 |  2050 |  1612 |  1504 ||  8951
       Demon blade       |       |       |       |       |       |       |       |    23 |    10 ||    33
Invok: Lunge             |       |       |     2 |    65 |    97 |    94 |   107 |    80 |    55 ||   500
       Whirlwind         |       |       |       |    91 |   263 |   310 |   324 |   394 |   376 ||  1758
       Heavenly Storm    |       |       |       |       |     1 |     2 |     2 |     2 |       ||     7
       Serpent's Lash    |       |       |       |       |       |     6 |     2 |     3 |     7 ||    18
 Abil: Wall Jump         |       |       |       |     8 |     1 |     1 |       |       |       ||    10
Evoke: Wand              |     9 |    10 |    28 |    11 |    10 |    11 |       |     6 |     9 ||    94
  Use: Scroll            |       |     1 |    12 |    12 |    15 |    18 |     2 |    20 |     5 ||    85
       Potion            |       |     3 |     3 |     1 |     3 |    10 |       |     8 |     6 ||    34
 Stab: Sleeping          |       |     2 |       |       |       |       |       |       |       ||     2
       Paralysed         |       |       |     1 |     1 |       |       |       |       |       ||     2
       Distracted        |       |       |       |     1 |       |       |       |     1 |       ||     2
       Petrified         |       |       |       |       |     1 |       |       |       |       ||     1
       Invisible         |       |       |       |       |       |    11 |       |       |       ||    11
  Eat: Chunk             |       |     8 |    11 |    12 |    26 |    22 |    24 |    14 |     8 ||   125
       Ration            |       |       |     2 |     6 |     4 |     3 |     1 |     5 |     4 ||    25
Armor: Leather armour    |    11 |    16 |       |       |       |       |       |       |       ||    27
       Plate armour      |       |   201 |   320 |   533 |   480 |       |       |       |       ||  1534
       Skin              |       |    10 |    31 |       |       |       |       |       |       ||    41
       Scale mail        |       |       |       |       |    62 |   422 |       |       |       ||   484
       Chain mail        |       |       |       |       |       |    20 |    88 |       |       ||   108
       Ice dragon scales |       |       |       |       |       |       |    21 |       |       ||    21
       Storm dragon scal |       |       |       |       |       |       |   118 |   223 |    28 ||   369
       Gold dragon scale |       |       |       |       |       |       |       |       |   176 ||   176
Dodge: Dodged            |    32 |   113 |   114 |   193 |   368 |   538 |   290 |   269 |   171 ||  2088
       Deflected         |       |       |       |       |       |     5 |    33 |    39 |     8 ||    85
Block: Shield            |       |       |       |       |    96 |   417 |       |    79 |   275 ||   867
       Buckler           |       |       |       |       |       |   153 |   241 |   153 |       ||   547
       Reflection        |       |       |       |       |       |    36 |    34 |    16 |       ||    86
       Large shield      |       |       |       |       |       |       |       |       |    43 ||    43
       Rpst.: Scimitar   |       |       |       |     1 |       |       |       |       |       ||     1

Table legend:
 A = Spawn XP
 B = Non-spawn XP
 C = Spawn XP percentage of total XP
 D = Spawn monster count
 E = Non-spawn monster count
 F = Spawn count percentage of total count
 G = Total turns spent on level
                    A         B        C        D         E        F      G
               +---------+---------+-------+---------+---------+-------+---------
         Total |       0 | 1314097 |   0.0 |       0 |    2011 |   0.0 | 58897
               +---------+---------+-------+---------+---------+-------+---------
           D:1 |       0 |      47 |   0.0 |       0 |      26 |   0.0 |   770
           D:2 |       0 |     152 |   0.0 |       0 |      21 |   0.0 |  1435
           D:3 |       0 |     201 |   0.0 |       0 |      47 |   0.0 |   846
           D:4 |       0 |     531 |   0.0 |       0 |      20 |   0.0 |  1310
           D:5 |       0 |     844 |   0.0 |       0 |      26 |   0.0 |   929
           D:6 |       0 |    1238 |   0.0 |       0 |      31 |   0.0 |  1783
           D:7 |       0 |    1750 |   0.0 |       0 |      33 |   0.0 |  2643
           D:8 |       0 |    4605 |   0.0 |       0 |      33 |   0.0 |   742
           D:9 |       0 |    1334 |   0.0 |       0 |      30 |   0.0 |  1085
          D:10 |       0 |    3819 |   0.0 |       0 |      63 |   0.0 |  1350
          D:11 |       0 |    4387 |   0.0 |       0 |      24 |   0.0 |  1569
          D:12 |       0 |    7016 |   0.0 |       0 |      50 |   0.0 |   734
          D:13 |       0 |   10503 |   0.0 |       0 |      46 |   0.0 |  1124
          D:14 |       0 |    5206 |   0.0 |       0 |      19 |   0.0 |  1024
          D:15 |       0 |   21473 |   0.0 |       0 |      51 |   0.0 |  1673
        Lair:1 |       0 |    4997 |   0.0 |       0 |      24 |   0.0 |  1040
        Lair:2 |       0 |    3837 |   0.0 |       0 |      22 |   0.0 |   828
        Lair:3 |       0 |   13690 |   0.0 |       0 |      44 |   0.0 |  1835
        Lair:4 |       0 |    5237 |   0.0 |       0 |      24 |   0.0 |   937
        Lair:5 |       0 |    5985 |   0.0 |       0 |      29 |   0.0 |  1295
        Lair:6 |       0 |   15667 |   0.0 |       0 |      40 |   0.0 |  1724
      Shoals:1 |       0 |   17055 |   0.0 |       0 |      27 |   0.0 |   945
      Shoals:2 |       0 |   13219 |   0.0 |       0 |      25 |   0.0 |   901
      Shoals:3 |       0 |   29107 |   0.0 |       0 |      41 |   0.0 |  1233
      Shoals:4 |       0 |   34186 |   0.0 |       0 |      65 |   0.0 |  1434
      Spider:1 |       0 |   22779 |   0.0 |       0 |      67 |   0.0 |  1052
      Spider:2 |       0 |   14893 |   0.0 |       0 |      47 |   0.0 |  1001
      Spider:3 |       0 |   12061 |   0.0 |       0 |      31 |   0.0 |  1149
      Spider:4 |       0 |   39564 |   0.0 |       0 |      75 |   0.0 |  1469
       Slime:1 |       0 |    4132 |   0.0 |       0 |       7 |   0.0 |    30
       Slime:2 |       0 |   14917 |   0.0 |       0 |       3 |   0.0 |   130
       Slime:3 |       0 |    8483 |   0.0 |       0 |      14 |   0.0 |   135
       Slime:4 |       0 |    2997 |   0.0 |       0 |       7 |   0.0 |   213
       Slime:5 |       0 |   53293 |   0.0 |       0 |      40 |   0.0 |   674
         Orc:1 |       0 |    2740 |   0.0 |       0 |      17 |   0.0 |   533
         Orc:2 |       0 |    7097 |   0.0 |       0 |      75 |   0.0 |  1222
      Vaults:1 |       0 |   42825 |   0.0 |       0 |      72 |   0.0 |  1978
      Vaults:2 |       0 |   53024 |   0.0 |       0 |      68 |   0.0 |  1460
      Vaults:3 |       0 |   38938 |   0.0 |       0 |      64 |   0.0 |  1347
      Vaults:4 |       0 |   70166 |   0.0 |       0 |      89 |   0.0 |  1397
      Depths:1 |       0 |   22249 |   0.0 |       0 |      30 |   0.0 |  1414
      Depths:2 |       0 |   85452 |   0.0 |       0 |      87 |   0.0 |  1312
      Depths:3 |       0 |   60038 |   0.0 |       0 |      67 |   0.0 |  1622
      Depths:4 |       0 |   99331 |   0.0 |       0 |      72 |   0.0 |  1271
      Depths:5 |       0 |   56543 |   0.0 |       0 |      39 |   0.0 |  1187
         Zot:1 |       0 |   40693 |   0.0 |       0 |      21 |   0.0 |   336
         Zot:2 |       0 |   37937 |   0.0 |       0 |      19 |   0.0 |   715
         Zot:3 |       0 |   45970 |   0.0 |       0 |      22 |   0.0 |   585
         Zot:4 |       0 |   57774 |   0.0 |       0 |      37 |   0.0 |  1278
         Zot:5 |       0 |  214115 |   0.0 |       0 |      80 |   0.0 |  3930
               +---------+---------+-------+---------+---------+-------+---------
